 Dungeon Crawl Stone Soup version 0.31.0-1-g2c135a008e (webtiles) character file.

Game seed: 8671498676588694463

4581 qw the Skirmisher (level 10, -11/72 HPs)
             Began as a Djinni Hunter on Jan 24, 2024.
             Was a Believer of Okawaru.
             Mangled by a death yak (22 damage)
             ... on level 9 of the Dungeon.
             The game lasted 00:00:27 (6429 turns).

qw the Skirmisher (Djinni Hunter)                   Turns: 6429, Time: 00:00:28

Health: -11/72     AC:  7    Str: 10    XL:     10   Next: 68%
Gold:   468        EV: 26    Int: 11    God:    Okawaru [**....] SH:  5 Dex: 21

rFire   + + +        b - +7 orcbow
rCold   + . .        (shield currently unavailable)
rNeg    . . .        p - +2 robe {rC+}
rPois   inf          a - +0 helmet
rElec   .            n - scarf {rC+ rF+}
rCorr   .            f - +0 pair of gloves
SInv    .            (boots unavailable)
Will    ++...        d - amulet of reflection
Stlth   +++          k - +5 ring of evasion
HPRegen 0.32/turn    g - ring of willpower
MPRegen 0.00/turn

%: reflection, infuse magic (-12 HP)
@: about to teleport, heroic, flying
A: sickness immunity, fire resistance 2, cold vulnerability 1, float, innate
caster, HP casting, extra vitality 1
a: Renounce Religion, Heroism


You were on level 9 of the Dungeon.
You worshipped Okawaru.
Okawaru was pleased with you.
You visited 2 branches of the dungeon, and saw 10 of its levels.

You collected 468 gold pieces.


Innate Abilities, Weirdness & Mutations

You are immune to sickness and miasma.
You are immune to poison.
Your flesh is very heat resistant. (rF++)
You are vulnerable to cold. (rC-)
You float through the air rather than walking.
You learn spells naturally, not from books.
Your magical power is your life essence.
You have superior vitality. (+4 MHP)


   Skills:
 + Level 6.2(11.2) Fighting
 - Level 9.0(14.0) Ranged Weapons
 - Level 5.5(10.5) Armour
 - Level 7.2(12.2) Dodging
 - Level 0.7(5.7) Stealth
 - Level 4.0 Invocations


You knew the following spells:

 Your Spells              Type           Power      Damage    Failure   Level
a - Foxfire               Conj/Fire      0%         2x1d4     34%         1
b - Momentum Strike       Conj/Tloc      0%         3d8       47%         2
c - Sigil of Binding      Hex            0%         N/A       71%         3
d - Vhi's Electric Charg  Tloc/Air       0%         N/A       98%         4
Your spell library was empty.

Inventory:

Hand Weapons
 b - a +7 orcbow (weapon)
Armour
 a - a +0 helmet (worn)
 f - a +0 pair of gloves (worn)
 h - a +0 cloak
 n - a scarf of resistance (worn)
 p - a +2 robe of cold resistance (worn)
Jewellery
 d - an amulet of reflection (around neck)
 g - a ring of willpower (right hand)
 k - a +5 ring of evasion (left hand)
Wands
 c - a wand of quicksilver (6)
 s - a wand of digging (5)
Scrolls
 i - 2 scrolls of teleportation
Potions
 e - a potion of cancellation {unknown}
 j - a potion of haste
 l - 2 potions of mutation
 m - a potion of enlightenment
 o - a potion of might {unknown}
 q - 2 potions of curing

Dungeon Overview and Level Annotations

Branches:
Dungeon (9/15)             Temple (1/1) D:5
   Lair: D:8-11         Orc: D:9-12

Altars:
Ashenzari
Cheibriados
Dithmenos
Elyvilon
Fedhas
Gozag
Hepliaklqana
Makhleb
Nemelex Xobeh
Okawaru
Qazlal
Ru
Trog
Uskayaw
Wu Jian
Xom
Yredelemnul
Zin
The Shining One


Message History

You shoot an arrow. The arrow hits the quokka!!
You kill the quokka!
Okawaru accepts your kill.
You shoot an arrow. The arrow closely misses the hell rat.
The arrow hits the rat!
You kill the rat!
Okawaru accepts your kill. The hell rat completely misses you.
You shoot an arrow. The arrow hits the hell rat!
You kill the hell rat!
Okawaru accepts your kill.
You shoot an arrow.
The arrow hits the death yak but does no damage.
You feel like a meek peon again. The death yak gores you!
6423 ||| INVOKING Heroism.
You gain the combat prowess of a mighty hero.
The death yak completely misses you.
You shoot an arrow. The arrow barely misses the death yak.
The arrow hits the death yak!
The death yak is lightly wounded.
You shoot an arrow. The arrow hits the death yak.
The death yak is lightly wounded.
The death yak gores you!!
You shoot an arrow. The arrow hits the death yak.
The death yak is lightly wounded.
The death yak gores you!!
6427 ||| READING 3 scrolls of teleportation.
As you read the scroll of teleportation, it crumbles to dust.
You feel strangely unstable. You block the death yak's attack.
You shoot an arrow. The arrow hits the death yak!
The death yak is moderately wounded.
You block the death yak's attack.
You shoot an arrow. The arrow barely misses the death yak.
The arrow hits the death yak.
The death yak is lightly wounded.
You hear the faint creaking of a portcullis nearby.
The death yak gores you!!
You die...

##.# #..# #.## ##.###
#....# # #....# .#
#....#### #.#
#.......#######..#
#....##......@YY.#
#....##########.....#
#..).# .###... #....#
.# # #....# r# #....#
.r ###.## Y. ..


You could see 2 death yaks.

Vanquished Creatures
  2 two-headed ogres
  A death yak (D:9)
  Pikel (D:4)
  A komodo dragon (D:7)
  A hornet (D:8)
  2 water moccasins
  A black bear (D:7)
  2 ice beasts (D:7)
  An orc warrior (D:8)
  A centaur (D:9)
  2 lemures (D:4)
  4 scorpions
  2 howler monkeys
  2 bombardier beetles
  4 jellies
  4 hounds
  3 orc priests
  3 sleepcaps
  A gnoll bouda (D:7)
  4 iguanas
  A hell rat (D:9)
  Robin (D:2)
  10 gnolls
  6 adders
  A shadow imp (D:5)
  2 white imps
  4 ufetubi
  10 dart slugs
  2 ribbon worms
  28 orcs
  7 ball pythons
  4 bats
  5 endoplasms
  4 giant cockroaches
  13 goblins
  8 hobgoblins
  2 jackals (D:1)
  9 kobolds
  4 quokkas
  3 frilled lizards
  5 rats
  A butterfly (D:5)
172 creatures vanquished.

Notes
Turn   | Place    | Note
-------+----------+-------------------------------------------
     0 | D:1      | qw the Djinni Hunter began the quest for the Orb.
     0 | D:1      | Reached XP level 1. HP: 18/18 MP: 0/0
     0 | D:1      | 0 ||| qw: Version: 0.3-a-136-gdd3b4e8
     0 | D:1      | 0 ||| qw: Game counter: 1354
     0 | D:1      | 0 ||| qw: Melee chars always use a shield: true
     0 | D:1      | 0 ||| qw: God list: Okawaru
     0 | D:1      | 0 ||| qw: Allow faded altars: false
     0 | D:1      | 0 ||| qw: Do Orc after clearing Dungeon:15 true
     0 | D:1      | 0 ||| qw: Do second Lair branch before Depths: true
     0 | D:1      | 0 ||| qw: Lair rune preference: random
     0 | D:1      | 0 ||| qw: Goals: Normal
     0 | D:1      | 0 ||| PLANNING D:1-11
    73 | D:1      | Reached XP level 2. HP: 23/23 MP: 0/0
   253 | D:1      | Reached skill level 4 in Ranged Weapons
   253 | D:1      | Reached XP level 3. HP: 28/28 MP: 0/0
   253 | D:1      | Learned a level 1 spell: Foxfire
   418 | D:1      | 418 ||| UPGRADING to +0 pair of gloves.
   423 | D:1      | 423 ||| UPGRADING to amulet of reflection.
   428 | D:1      | 428 ||| DRINKING 2 emerald potions.
   471 | D:1      | 471 ||| DROPPING scroll of butterflies.
   472 | D:1      | 472 ||| DROPPING potion of lignification.
   482 | D:2      | Found a faded altar of an unknown god.
   506 | D:2      | 506 ||| SWAPPING to +0 orcbow.
   507 | D:2      | 507 ||| DROPPING +0 shortbow.
   600 | D:2      | Noticed Robin
   602 | D:2      | 602 ||| RETREEEEATING.
   611 | D:2      | Killed Robin
   612 | D:2      | Reached skill level 3 in Fighting
   612 | D:2      | Reached XP level 4. HP: 24/35 MP: 0/0
  1256 | D:2      | 1256 ||| UPGRADING to +0 helmet.
  1261 | D:2      | 1261 ||| UPGRADING to scarf of resistance.
  1266 | D:2      | 1266 ||| UPGRADING to +5 ring of evasion.
  1267 | D:2      | 1267 ||| READING 2 scrolls labelled DEV FOATTIEF.
  1267 | D:2      | 1267 ||| IDENTIFYING sedimented blue potion
  1268 | D:2      | 1268 ||| READING scroll of identify.
  1268 | D:2      | 1268 ||| IDENTIFYING cyan potion
  1269 | D:2      | 1269 ||| READING scroll labelled PUKHUKK ASAN.
  1270 | D:2      | 1270 ||| READING scroll labelled QOZATYGRUD.
  1270 | D:2      | 1270 ||| ENCHANTING +0 orcbow.
  1271 | D:2      | 1271 ||| READING scroll labelled VEIMASIEWN.
  1272 | D:2      | 1272 ||| READING scroll labelled RETOON LUUMP.
  1277 | D:2      | 1277 ||| DROPPING potion of berserk rage.
  1303 | D:3      | 1303 ||| FLEEEEING.
  1304 | D:3      | 1304 ||| STAIRDANCE
  1328 | D:3      | 1328 ||| STAIRDANCE
  1440 | D:3      | Reached skill level 1 in Armour
  1473 | D:3      | Reached XP level 5. HP: 40/40 MP: 0/0
  1473 | D:3      | Learned a level 2 spell: Momentum Strike
  1489 | D:3      | Reached skill level 3 in Dodging
  2029 | D:3      | 2029 ||| UPGRADING to +0 ring mail.
  2039 | D:3      | 2039 ||| DROPPING +0 leather armour.
  2040 | D:3      | 2040 ||| UPGRADING to ring of willpower.
  2041 | D:3      | 2041 ||| READING 2 scrolls of identify.
  2041 | D:3      | 2041 ||| IDENTIFYING viscous blue potion
  2042 | D:3      | 2042 ||| READING scroll of identify.
  2042 | D:3      | 2042 ||| IDENTIFYING clear potion
  2043 | D:3      | 2043 ||| READING scroll labelled KITRUX NUDGHUE.
  2044 | D:3      | 2044 ||| READING scroll labelled JORUN WIPS.
  2045 | D:3      | 2045 ||| DROPPING potion of attraction.
  2075 | D:4      | Noticed a water moccasin
  2090 | D:4      | Killed a water moccasin
  2091 | D:4      | Reached skill level 5 in Ranged Weapons
  2091 | D:4      | Reached XP level 6. HP: 22/46 MP: 0/0
  2236 | D:4      | 2236 ||| READING scroll of enchant weapon.
  2236 | D:4      | 2236 ||| ENCHANTING +1 orcbow.
  2255 | D:4      | 2255 ||| READING scroll of enchant weapon.
  2255 | D:4      | 2255 ||| ENCHANTING +2 orcbow.
  2406 | D:4      | Reached XP level 7. HP: 52/52 MP: 0/0
  2406 | D:4      | Learned a level 3 spell: Sigil of Binding
  2482 | D:4      | 2482 ||| RETREEEEATING.
  2483 | D:4      | 2483 ||| RETREEEEATING.
  2484 | D:4      | 2484 ||| RETREEEEATING.
  2485 | D:4      | 2485 ||| RETREEEEATING.
  2486 | D:4      | 2486 ||| RETREEEEATING.
  2652 | D:4      | 2652 ||| READING scroll of enchant weapon.
  2652 | D:4      | 2652 ||| ENCHANTING +3 orcbow.
  2736 | D:4      | Reached skill level 6 in Ranged Weapons
  2782 | D:4      | Noticed Pikel
  2783 | D:4      | 2783 ||| RETREEEEATING.
  2785 | D:4      | 2785 ||| RETREEEEATING.
  2787 | D:4      | 2787 ||| RETREEEEATING.
  2793 | D:4      | 2793 ||| ZAPPING wand of quicksilver (4) at -2,-1 (Pikel;
                  | floor).
  2794 | D:4      | 2794 ||| ZAPPING wand of quicksilver (3) at -2,-1 (Pikel;
                  | floor).
  2795 | D:4      | 2795 ||| ZAPPING wand of quicksilver (2) at -2,0 (Pikel;
                  | floor).
  2798 | D:4      | Killed Pikel
  2799 | D:4      | Reached XP level 8. HP: 46/58 MP: 0/0
  3306 | D:4      | 3306 ||| UPGRADING to +2 robe of cold resistance.
  3316 | D:4      | 3316 ||| DROPPING +0 ring mail.
  3317 | D:4      | 3317 ||| READING scroll labelled ZOAGHUPLUQE.
  3352 | D:5      | Entered Level 5 of the Dungeon
  3575 | D:5      | 3575 ||| READING scroll of enchant weapon.
  3575 | D:5      | 3575 ||| ENCHANTING +4 orcbow.
  3688 | D:5      | Found a staircase to the Ecumenical Temple.
  3690 | D:5      | 3690 ||| PLANNING TEMPLE
  3690 | D:5      | 3690 ||| READING scroll labelled LUUHOSI GEPHAI.
  3700 | Temple   | Entered the Ecumenical Temple
  3701 | Temple   | 3701 ||| PLANNING OKAWARU WORSHIP
  3718 | Temple   | Became a worshipper of Warmaster Okawaru
  3719 | Temple   | 3719 ||| PLANNING D:1-11
  3747 | D:5      | Found a blossoming altar of Fedhas.
  4289 | D:6      | Reached XP level 9. HP: 49/62 MP: 0/0
  4289 | D:6      | Learned a level 4 spell: Vhi's Electric Charge
  4664 | D:6      | Reached skill level 7 in Ranged Weapons
  4683 | D:6      | 4683 ||| READING scroll of enchant weapon.
  4683 | D:6      | 4683 ||| ENCHANTING +5 orcbow.
  5030 | D:6      | 5030 ||| READING 2 scrolls of identify.
  5030 | D:6      | 5030 ||| IDENTIFYING 2 white potions
  5031 | D:6      | 5031 ||| READING scroll of identify.
  5031 | D:6      | 5031 ||| IDENTIFYING scroll labelled USEONIPN OTEL
  5032 | D:6      | 5032 ||| DROPPING wand of flame (17).
  5033 | D:6      | 5033 ||| DROPPING scroll of silence.
  5089 | D:7      | 5089 ||| ZAPPING wand of quicksilver (1) at -1,1 (black
                  | bear; floor).
  5180 | D:7      | Reached * piety under Okawaru
  5181 | D:7      | Reached skill level 6 in Dodging
  5208 | D:7      | Noticed a komodo dragon
  5209 | D:7      | 5209 ||| INVOKING Heroism.
  5210 | D:7      | 5210 ||| INVOKING Heroism.
  5221 | D:7      | 5221 ||| INVOKING Heroism.
  5222 | D:7      | Killed a komodo dragon
  5315 | D:7      | 5315 ||| RETREEEEATING.
  5333 | D:7      | Reached skill level 1 in Invocations
  5844 | D:7      | 5844 ||| READING scroll labelled AGAADW CONLILI.
  5968 | D:8      | Noticed a two-headed ogre
  5969 | D:8      | 5969 ||| RETREEEEATING.
  5972 | D:8      | 5972 ||| RETREEEEATING.
  5973 | D:8      | 5973 ||| INVOKING Heroism.
  5976 | D:8      | 5976 ||| RETREEEEATING.
  5982 | D:8      | Killed a two-headed ogre
  5983 | D:8      | Reached skill level 8 in Ranged Weapons
  5983 | D:8      | Reached skill level 3 in Invocations
  5983 | D:8      | Reached XP level 10. HP: 53/70 MP: 0/0
  5997 | D:8      | Reached ** piety under Okawaru
  6091 | D:8      | 6091 ||| READING scroll of enchant weapon.
  6091 | D:8      | 6091 ||| ENCHANTING +6 orcbow.
  6159 | D:8      | Reached skill level 6 in Fighting
  6309 | D:8      | 6309 ||| DROPPING scarf of shadows.
  6310 | D:8      | 6310 ||| DRINKING 2 fuming yellow potions.
  6324 | D:9      | Noticed a two-headed ogre
  6325 | D:9      | 6325 ||| INVOKING Heroism.
  6331 | D:9      | Killed a two-headed ogre
  6362 | D:9      | Reached skill level 9 in Ranged Weapons
  6401 | D:9      | Noticed a death yak
  6402 | D:9      | 6402 ||| INVOKING Heroism.
  6406 | D:9      | Noticed a death yak
  6407 | D:9      | 6407 ||| RETREEEEATING.
  6410 | D:9      | Noticed a death yak
  6411 | D:9      | 6411 ||| RETREEEEATING.
  6416 | D:9      | Killed a death yak
  6423 | D:9      | 6423 ||| INVOKING Heroism.
  6426 | D:9      | HP: 10/72 [death yak (27)]
  6427 | D:9      | 6427 ||| READING 3 scrolls of teleportation.
  6429 | D:9      | Mangled by a death yak

Levels and vault maps discovered:
D:1:      tarquinn_simple_flora_water_f, layout_rooms
D:2:      layout_loops_ring, chequers_ecumenical_altar_simple, basic_altar,
          kennysheep_pointless_box, bh_walls_and_bars, uniq_robin
D:3:      kennysheep_slugbush, layout_loops_ring, serial_glass, glass_columns_a,
          glass_columns_b, glass_columns_a, glass_columns_a,
          nicolae_houndstooth_variations
D:4:      layout_basic, cheibrodos_gnoll_hut, uniq_pikel
D:5:      layout_basic, mainiacjoe_overflow_cross_hatched,
          minmay_temple_entry_butterflies
D:6:      layout_basic
D:7:      cheibrodos_quashed, layout_loops_ring
D:8:      layout_basic
D:9:      layout_roguey, dpeg_lair_monsters, enter_bailey_5
Temple:   regret_index_temple_sigil_plot

Skill      XL: |  1  2  3  4  5  6  7  8  9 10 |
---------------+-------------------------------+-----
Ranged Weapons | 4 5 6 8 9 |  9.0
Fighting       | 3 4 5 6 |  6.2
Armour         | 1 5 |  5.5
Dodging        | 3 5 6 7 |  7.2
Invocations    | 3 4 |  4.0
Stealth        | |  0.7

Action                     |  1- 3 |  4- 6 |  7- 9 | 10-12 || total
---------------------------+-------+-------+-------+-------++-------
   Fire: Shortbow          |    47 |       |       |       ||    47
         Orcbow            |    23 |   139 |   245 |    64 ||   471
 Invoke: Heroism           |       |       |     3 |     3 ||     6
  Evoke: Wand              |       |       |     4 |       ||     4
    Use: Potion            |     1 |       |       |     1 ||     2
         Scroll            |       |    12 |     8 |     2 ||    22
 Armour: Leather armour    |    15 |    15 |       |       ||    30
         Ring mail         |       |    15 |    17 |       ||    32
         Robe              |       |       |    20 |    10 ||    30
  Dodge: Dodged            |    18 |    47 |   100 |    13 ||   178
  Block: Other             |     2 |    23 |    23 |     3 ||    51
         Reflection        |       |     2 |       |       ||     2

Table legend:
 A = Non-vault XP
 B = Vault XP
 C = Vault XP percentage of total XP
 D = Non-vault monster count
 E = Vault monster count
 F = Vault count percentage of total count
                 A         B        C        D         E       F
            +---------+---------+-------+---------+---------+-------
      Total |    4883 |    1662 |  25.4 |     145 |      24 |  14.2
            +---------+---------+-------+---------+---------+-------
        D:1 |      40 |       0 |   0.0 |      21 |       0 |   0.0
        D:2 |      40 |      30 |  42.9 |      16 |       8 |  33.3
        D:3 |      50 |      28 |  35.9 |      21 |       7 |  25.0
        D:4 |     626 |     751 |  54.5 |      24 |       4 |  14.3
        D:5 |     307 |       0 |   0.0 |      13 |       0 |   0.0
        D:6 |     426 |       0 |   0.0 |      10 |       0 |   0.0
        D:7 |    1049 |       0 |   0.0 |      22 |       0 |   0.0
        D:8 |    1406 |       0 |   0.0 |      16 |       0 |   0.0
        D:9 |     939 |     853 |  47.6 |       2 |       5 |  71.4
            +---------+---------+-------+---------+---------+-------
